 Dungeon Crawl Stone Soup version 0.28-a0-628-g3c9886e45e (webtiles) character file.

Game seed: 11772812097230574927

86 mordus the Poker (level 4, -1/39 HPs)
             Began as a Hill Orc Monk on Oct 8, 2021.
             Succumbed to an adder's poison
             ... on level 3 of the Dungeon.
             The game lasted 00:02:19 (2121 turns).

mordus the Poker (Hill Orc Monk)                    Turns: 2121, Time: 00:02:20

Health: -1/39      AC:  9    Str: 14    XL:     4   Next: 49%
Magic:  4/4        EV:  6    Int: 10    God:
Gold:   125        SH:  0    Dex: 13    Spells: 3/3 levels left

rFire   . . .      SeeInvis .   a - +0 spear
rCold   . . .      Faith    .   (no shield)
rNeg    . . .      Spirit   .   c - +0 chain mail
rPois   .          Reflect  .   f - +0 helmet
rElec   .          Harm     .   (no cloak)
rCorr   .          Rampage  .   (no gloves)
Will    .....                   (no boots)
Stlth   ..........              (no amulet)
HPRegen 0.13/turn               (no ring)
MPRegen 0.09/turn               (no ring)

@: lethally poisoned (-1 -> -10), attractive
A: no striking features
a: no special abilities


You were on level 3 of the Dungeon.
You visited 1 branch of the dungeon, and saw 3 of its levels.

You collected 125 gold pieces.

Inventory:

Hand Weapons
 a - a +0 spear (weapon)
Armour
 c - a +0 chain mail (worn)
 f - a +0 helmet (worn)
Scrolls
 d - a scroll of teleportation {unknown}
 e - a scroll of silence {unknown}


   Skills:
 - Level 3.6 Fighting
 * Level 5.0 Polearms
 + Level 2.2 Armour
 - Level 2.4 Dodging
 - Level 1.5 Stealth


You had 3 spell levels left.
You didn't know any spells.
Your spell library was empty.

Dungeon Overview and Level Annotations

Branches:
Dungeon (2/15)

Altars:

Portals:
Sewer: D:3


Message History

You feel sick. The adder barely misses you. The adder closely misses you.
The adder bites you.
You are more poisoned.
The adder poisons you!
You are too injured to fight recklessly!
You are too injured to fight recklessly!
You are too injured to fight recklessly!
You are too injured to fight recklessly!
You are too injured to fight recklessly!
You are too injured to fight recklessly!
You barely miss the adder.
The adder is severely wounded.
You feel very sick.
The adder bites you but does no damage. x2
You miss the adder.
The adder is severely wounded.
You feel sick. The adder bites you.
* * * LOW HITPOINT WARNING * * *
The adder bites you.
* * * LOW HITPOINT WARNING * * *
You are lethally poisoned!
The adder poisons you!
You hit the adder but do no damage.
The adder is severely wounded.
* * * LOW HITPOINT WARNING * * *
You feel very sick.
The adder bites you but does no damage. x2
You closely miss the adder.
The adder is severely wounded.
* * * LOW HITPOINT WARNING * * *
You feel sick. The adder bites you but does no damage. The adder bites you.
* * * LOW HITPOINT WARNING * * *
Unknown command.
It was a potion of attraction.
You feel attractive to monsters.
* * * LOW HITPOINT WARNING * * *
You feel sick. The adder bites you but does no damage.
The adder closely misses you.
You hear the slow rusting of a drain.
You die...

#...#...#
#........
#....####+#....(..
#....###..........
#.....##.....#####
#...#.##.........#
#...#..#.#######.#
#...##.#.#≈≈≈≈≈#S#
#...##...#≈≈∩≈≈S.#
#######..#≈≈≈≈≈#@#
#..#######..#
#..........(#
#...........#
###>######### .#
.#


You could see 2 adders.

Vanquished Creatures
  Robin (D:2)
  2 adders
  6 ball pythons
  7 bats
  4 endoplasms (D:1)
  2 giant cockroaches (D:1)
  8 goblins
  6 hobgoblins
  4 jackals (D:1)
  5 kobolds
  A quokka (D:2)
  2 frilled lizards
  3 rats (D:1)
51 creatures vanquished.

Notes
Turn   | Place    | Note
-------+----------+-------------------------------------------
     0 | D:1      | mordus the Hill Orc Monk began the quest for the Orb.
     0 | D:1      | Reached XP level 1. HP: 19/19 MP: 1/1
   237 | D:1      | Reached XP level 2. HP: 17/26 MP: 2/2
   298 | D:1      | Reached skill level 1 in Armour
   610 | D:1      | Reached skill level 4 in Polearms
   697 | D:1      | Reached XP level 3. HP: 30/31 MP: 3/3
  1535 | D:2      | Noticed Robin
  1554 | D:2      | Reached XP level 4. HP: 8/39 MP: 4/4
  1877 | D:2      | Killed Robin
  2069 | D:2      | You fall into a shaft and drop 1 floor!
  2087 | D:3      | Found a glowing drain.
  2112 | D:3      | Reached skill level 5 in Polearms
  2120 | D:3      | HP: 1/39 [poisoned by an adder]
  2121 | D:3      | Succumbed to an adder's poison

Illustrated notes

Levels and vault maps discovered:
D:1:      psy_arrival_basics, layout_loops_ring,
          hangedman_decor_clover_reticule, glass_columns_a
D:2:      layout_loops_corners, uniq_robin, uniq_terence,
          uniq_crazy_yiuf_cottage
D:3:      layout_basic, gup_sewer_entry_glass

Skill      XL: |  1  2  3  4 |
---------------+-------------+-----
Armour         | 1 2 |  2.2
Polearms       | 4 5 |  5.0
Fighting       | |  3.6
Dodging        | |  2.4
Stealth        | |  1.5

Action                   |  1- 3 |  4- 6 || total
-------------------------+-------+-------++-------
Melee: Spear             |   154 |    67 ||   221
  Use: Potion            |       |     1 ||     1
Armor: Robe              |     3 |       ||     3
       Chain mail        |    61 |    41 ||   102
Dodge: Dodged            |    47 |    14 ||    61

Table legend: (Time is in decaauts)
 A = Elapsed time spent in this place.
 B = Non-inter-level travel time spent in this place.
 C = Inter-level travel time spent in this place.
 D = Time resting spent in this place.
 E = Time spent auto-exploring this place.
 F = Levels seen in this place.
 G = Mean time per level.
                   A        B        C        D        E       F      G
               +--------+--------+--------+--------+--------+-----+--------+
         Total |   2094 |   2064 |     30 |    482 |   1216 |   3 |  698.0 |
       Dungeon |   2094 |   2064 |     30 |    482 |   1216 |   3 |  698.0 |
               +--------+--------+--------+--------+--------+-----+--------+

Top non-repeatable levels by time:
     D:1: 1511 daAuts
     D:2: 534 daAuts
     D:3: 49 daAuts
